 Dungeon Crawl Stone Soup version 0.27-a0-1147-gb3d8e82157 (webtiles) character file.

Game seed: 4919848166981865576

13 kae the Skirmisher (level 2, 0/24 HPs)
             Began as a Demonspawn Fighter on May 11, 2021.
             Slain by a small abomination (6 damage)
             ... on level 1 of the Abyss.
             The game lasted 00:00:27 (310 turns).

kae the Skirmisher (Demonspawn Fighter)              Turns: 310, Time: 00:00:28

Health: 0/24       AC:  6    Str: 16    XL:     2   Next: 24%
Magic:  2/2        EV:  6    Int:  9    God:
Gold:   17         SH:  8    Dex: 12    Spells: 1/1 levels left

rFire    . . .     SeeInvis .   a - +0 long sword
rCold    . . .     Faith    .   c - +0 kite shield
rNeg     . . .     Spirit   .   b - +0 scale mail
rPois    .         Reflect  .   (no helmet)
rElec    .         Harm     .   (no cloak)
rCorr    .         Rampage  .   (no gloves)
Will     .....                  (no boots)
Stlth    ..........             (no amulet)
HPRegen  0.08/turn              (no ring)
MPRegen  0.08/turn              (no ring)

@: no status effects
A: foul stench 1
a: no special abilities


You were on level 1 of the Abyss.
You visited 1 branch of the dungeon, and saw 1 of its levels.
You visited the Abyss 1 time.

You collected 17 gold pieces.

Inventory:

Hand Weapons
 a - a +0 long sword (weapon)
 g - the +0 mace "Hydra's Nightmare" {venom, rElec}
   (You found it on level 1 of the Abyss)

   It poisons the flesh of those it strikes.
   It insulates you from electricity.
Armour
 b - a +0 scale mail (worn)
 c - a +0 kite shield (worn)
Potions
 d - a potion of might
 e - a potion of degeneration {unknown}
 f - a potion of lignification {unknown}


   Skills:
 + Level 3.2 Fighting
 * Level 2.4 Long Blades
 - Level 2.6 Armour
 - Level 2.6 Shields


You had one spell level left.
You didn't know any spells.
Your spell library was empty.

Dungeon Overview and Level Annotations

Branches:
Dungeon (1/15)

Altars:


Innate Abilities, Weirdness & Mutations

You may rarely emit foul miasma when damaged in melee.


Message History

The kobold hits you with a +0 whip of distortion.
Space bends around you.
You see here 6 gold pieces.
You barely miss the kobold.
The kobold hits you with a +0 whip of distortion.
You are cast into the Abyss!
To return, you must find a gate leading back.
Killing monsters will force the Abyss to allow you passage.
This branch contains the abyssal rune of Zot.
Found a corrupted altar of Lugonu.
Unknown command.
Unknown command.
You start resting.
A will-o-the-wisp comes into view.
There is a corrupted altar of Lugonu here.
A small abomination comes into view.
The small abomination hits you.
You block the small abomination's attack.
As you read the scroll labelled GEPROM LYUPNIE, it crumbles to dust.
You feel strangely unstable.
You feel the power of the Abyss delaying your translocation!
It was a scroll of teleportation.
You block the small abomination's attack.
The small abomination hits you but does no damage.
You block the small abomination's attack.
A worldbinder comes into view.
An earth elemental comes into view.
The worldbinder moves out of view.
You are suddenly pulled into a different region of the Abyss!
Found an ebony mace.
Unknown command.
Unknown command.
You see here the +0 mace "Hydra's Nightmare" {venom, rElec}.
g - the +0 mace "Hydra's Nightmare" {venom, rElec} You block the small abomination's attack.
You hit the small abomination but do no damage.
The small abomination hits you!!
Ouch! That really hurt!
* * * LOW HITPOINT WARNING * * *
The small abomination hits you.
You die...

#. . #. .# ..# . ..
.# .. ##.##.# ## ...
. #.#..## .##.## #
#.#.#.##.#.#..# .
##@x....#.##.. .#
#...#.#..##.##.#
.....#.....# ....#..
.....................
#.....#...........#.
##...###...###...##
##.# ##.## #.## ..
#... ..# #.... ..#


You could see a small abomination.

Vanquished Creatures
  2 goblins (D:1)
  A hobgoblin (D:1)
  4 jackals (D:1)
  A quokka (D:1)
  2 bats (D:1)
  A frilled lizard (D:1)
11 creatures vanquished.

Notes
Turn   | Place    | Note
-------+----------+-------------------------------------------
     0 | D:1      | kae the Demonspawn Fighter began the quest for the Orb.
     0 | D:1      | Reached XP level 1. HP: 18/18 MP: 1/1
    30 | D:1      | Gained mutation: You may rarely emit foul miasma when
                  | damaged in melee. [demonic ancestry]
    30 | D:1      | Reached XP level 2. HP: 20/24 MP: 2/2
   181 | D:1      | Cast into level 1 of the Abyss (kobold)
   181 | Abyss:1  | Found a corrupted altar of Lugonu.
   269 | Abyss:1  | Noticed a will-o-the-wisp
   272 | Abyss:1  | Noticed a small abomination
   298 | Abyss:1  | Noticed a worldbinder
   298 | Abyss:1  | Noticed an earth elemental
   305 | Abyss:1  | Noticed a small abomination
   308 | Abyss:1  | Identified the +0 mace "Hydra's Nightmare" {venom, rElec}
   310 | Abyss:1  | Slain by a small abomination

Illustrated notes

Levels and vault maps discovered:
D:1:      heliophobic_arrival_glass_houses, layout_basic, serial_shops,
          nicolae_shop_trees, st_stairs_13
Abyss:1:  base: D:1, evilmike_abyss_exit_11

Skill      XL: |  1 |
---------------+----+-----
Long Blades    | 2 |  2.4
Fighting       | |  3.2
Armour         | |  2.6
Shields        | |  2.6

Action                   || total
-------------------------++-------
Melee: Long sword        ||    20
  Use: Scroll            ||     1
Armor: Scale mail        ||    10
Dodge: Dodged            ||     5
Block: Kite shield       ||    16
       Rpst.: Long sword ||     3

Table legend: (Time is in decaauts)
 A = Elapsed time spent in this place.
 B = Non-inter-level travel time spent in this place.
 C = Inter-level travel time spent in this place.
 D = Time resting spent in this place.
 E = Time spent auto-exploring this place.
 F = Levels seen in this place.
 G = Mean time per level.
                   A        B        C        D        E       F      G
               +--------+--------+--------+--------+--------+-----+--------+
         Total |    320 |    320 |      0 |     88 |    145 |   2 |  160.0 |
       Dungeon |    191 |    191 |      0 |      0 |    145 |   1 |  191.0 |
         Abyss |    129 |    129 |      0 |     88 |      0 |   1 |  129.0 |
               +--------+--------+--------+--------+--------+-----+--------+

Top non-repeatable levels by time:
     D:1: 191 daAuts
 Abyss:1: 129 daAuts
